 Dungeon Crawl Stone Soup version 0.19-a0-1672-g679cadd (webtiles) character file.

190 Ijustatesigmund the Conjurer (level 5, 0/30 HPs)
             Began as a Deep Elf Conjurer on Sept 22, 2016.
             Slain by Grinder (1 damage)
             ... while paralysed by Grinder
             ... on level 3 of the Dungeon.
             The game lasted 00:10:57 (3513 turns).

Ijustatesigmund the Conjurer (Deep Elf Conjurer)    Turns: 3513, Time: 00:10:58

Health: 0/30       AC:  4    Str: 10    XL:     5   Next: 41%
Magic:  0/11       EV:  2    Int: 21    God:
Gold:   125        SH:  0    Dex: 15    Spells: 3 memorised, 4 levels left

rFire  . . .     SeeInvis .     o - +2 short sword (drain)
rCold  . . .     Gourm    .     a - +0 robe
rNeg   . . .     Faith    .     (no shield)
rPois  +         Spirit   .     d - +0 helmet
rElec  .         Dismiss  .     n - +0 cloak
rCorr  .         Reflect  .     (no gloves)
MR     .....     Harm     .     (no boots)
Stlth  ++........               (no amulet)
                                (no ring)
                                q - ring of poison resistance

@: paralysed, mighty
A: no striking features
a: no special abilities


You were on level 3 of the Dungeon.
You were very hungry.

You visited 1 branch of the dungeon, and saw 3 of its levels.

You collected 125 gold pieces.

Inventory:

Hand Weapons
 f - a +1 dagger
 o - a +2 short sword of draining (weapon)
Armour
 a - a +0 robe (worn)
 d - a +0 helmet (worn)
 j - a cursed -1 leather armour
 n - a +0 cloak (worn)
Jewellery
 q - a ring of poison resistance (left hand)
Scrolls
 p - 3 scrolls of identify
 s - a scroll of amnesia
 t - a scroll of enchant armour {unknown}
Potions
 e - a potion of lignification
 g - a potion of brilliance {unknown}
 h - 2 potions of curing
 k - a potion of invisibility {unknown}
 m - a potion of degeneration {unknown}
 u - a potion of heal wounds {unknown}
Books
 b - a book of Conjurations

   Spells                             Type                      Level
   a - Magic Dart                     Conjuration                  1
   b - Searing Ray                    Conjuration                  2
   c - Dazzling Spray                 Conjuration/Hexes            3
   d - Fulminant Prism                Conjuration/Hexes            4
   e - Iskenderun's Mystic Blast      Conjuration                  4
   f - Iskenderun's Battlesphere      Conjuration/Charms           5
Comestibles
 c - a bread ration
 i - a beef jerky
 l - a meat ration
 r - a slice of pizza


   Skills:
 - Level 1.7 Fighting
 - Level 3.4 Dodging
 - Level 2.4 Stealth
 + Level 3.2 Spellcasting
 - Level 5.5 Conjurations
 - Level 3.4 Hexes


You had 4 spell levels left.
You knew the following spells:

 Your Spells              Type           Power        Failure   Level  Hunger
a - Magic Dart            Conj           ####         1%          1    None
b - Searing Ray           Conj           ####..       1%          2    ##.....
c - Dazzling Spray        Conj/Hex       ###...       10%         3    ###....


Dungeon Overview and Level Annotations

Branches:
Dungeon (3/15)

Altars:
Qazlal

Annotations:
D:3 Grinder


Message History

Grinder is severely wounded.
Grinder is dazzled.
You puncture Grinder!
Grinder is almost dead.
Grinder barely misses you.
You barely miss Grinder.
Grinder is almost dead.
Grinder barely misses you.
You closely miss Grinder.
Grinder is almost dead.
Grinder hits you!
* * * LOW HITPOINT WARNING * * *
You writhe in agony.
* * * LOW HITPOINT WARNING * * *
Grinder gestures at you.
You suddenly lose the ability to move!
Grinder hits you.
* * * LOW HITPOINT WARNING * * *
You writhe in agony.
You die...

#######.## #...# ####### #†#
#..## #.....# # #.# #..###
#.###.##.# ##'## #..... #.#.....#
##...## ##.### #.#.#.##.#
##.....## ###.# ##.#†#..###
##.......## ##.#.#
#.......<####..5......# #....# #
#.##........+...@.....+ ###...###
#.##.#...#..#...........#E#...#E#
#...........##.......##.###...###
#..#.....##.........###..........
#..#....#....###...## #....._.†..
#...#..#.....# ##+## ##.........
#....###.....# #.# ####...###
#.....###...## #.# #E#...#E#
#.....#..#..# ##.## ###...###


You could see Grinder (blind).

Vanquished Creatures
  A crimson imp (D:3)
  An orc priest (D:3)
  3 adders
  7 worms
  3 dart slugs
  2 leopard geckos (D:1)
  7 orcs (D:3)
  A giant cockroach (D:3)
  7 goblins
  5 hobgoblins
  3 quokkas
  12 bats
  2 frilled lizards
  5 kobolds
  8 rats
67 creatures vanquished.

Notes
Turn   | Place    | Note
-------+----------+-------------------------------------------
     0 | D:1      | Ijustatesigmund the Deep Elf Conjurer began the quest for the Orb.
     0 | D:1      | Reached XP level 1. HP: 10/10 MP: 6/6
   229 | D:1      | Reached XP level 2. HP: 16/16 MP: 5/8
   233 | D:1      | Learned a level 2 spell: Searing Ray
   270 | D:1      | Reached skill level 1 in Fighting
  1073 | D:2      | Reached XP level 3. HP: 18/21 MP: 4/9
  1107 | D:2      | Learned a level 3 spell: Dazzling Spray
  1434 | D:2      | Reached skill level 1 in Hexes
  2067 | D:3      | Reached XP level 4. HP: 26/26 MP: 5/10
  2154 | D:3      | Found a stormy altar of Qazlal.
  2188 | D:3      | Noticed an air elemental
  2189 | D:3      | Noticed a water elemental
  2189 | D:3      | Noticed an earth elemental
  2189 | D:3      | Noticed a fire elemental
  2350 | D:3      | Reached skill level 5 in Conjurations
  2949 | D:3      | Reached XP level 5. HP: 30/30 MP: 8/11
  3473 | D:3      | Noticed Grinder
  3479 | D:3      | Paralysed by Grinder for 2 turns
  3487 | D:3      | Paralysed by Grinder for 2 turns
  3495 | D:3      | Paralysed by Grinder for 2 turns
  3503 | D:3      | Paralysed by Grinder for 6 turns
  3512 | D:3      | Paralysed by Grinder for 2 turns
  3513 | D:3      | HP: 1/30 [Grinder (1)]
  3513 | D:3      | Slain by Grinder

Vault maps used:
D:1:      lemuel_arrival_rhombus
D:3:      minmay_misc_feat_chi, st_stairs_13, minmay_liquid_box,
          nicolae_qazlal_style_of_elements, uniq_grinder

Skill      XL: |  1  2  3  4 |
---------------+-------------+-----
Fighting       | 1 |  1.7
Dodging        | 3 |  3.4
Hexes          | 1 3 |  3.4
Conjurations   | 5 |  5.5
Stealth        | |  2.4
Spellcasting   | |  3.2

Action                   |  1- 3 |  4- 6 || total
-------------------------+-------+-------++-------
Melee: Dagger            |    12 |       ||    12
       Short sword       |       |    55 ||    55
 Cast: Magic Dart        |    98 |    64 ||   162
       Searing Ray       |       |     2 ||     2
       Dazzling Spray    |       |     7 ||     7
  Use: Scroll            |     6 |     1 ||     7
       Potion            |       |     1 ||     1
 Stab: Sleeping          |     1 |       ||     1
  Eat: Chunk             |     3 |     4 ||     7
Armor: Robe              |     1 |    14 ||    15
Dodge: Dodged            |     7 |    41 ||    48
